 Dungeon Crawl Stone Soup version 0.28.0 (webtiles) character file.

Game seed: 5067273652719287757

172 boopmooplesden the Skirmisher (level 5, 0/47 HPs)
             Began as a Minotaur Fighter on Feb 18, 2022.
             Slain by a centaur (1 damage)
             ... on level 3 of the Dungeon.
             The game lasted 00:04:54 (2540 turns).

boopmooplesden the Skirmisher (Minotaur Fighter)    Turns: 2540, Time: 00:04:56

Health: 0/47       AC:  9    Str: 21    XL:     5   Next: 27%
Magic:  4/4        EV: 10    Int:  5    God:
Gold:   96         SH:  4    Dex: 11    Spells: 4/4 levels left

rFire   . . .      SeeInvis .   a - +0 war axe
rCold   . . .      Faith    .   c - +0 buckler
rNeg    . . .      Spirit   .   k - +3 ring mail
rPois   .          Reflect  .   (helmet restricted)
rElec   .          Harm     .   (no cloak)
rCorr   .          Rampage  .   (no gloves)
Will    .....                   (no boots)
Stlth   +.........              (no amulet)
HPRegen 0.15/turn               (no ring)
MPRegen 0.09/turn               (no ring)

@: no status effects
A: horns 2, retaliatory headbutt
a: no special abilities


You were on level 3 of the Dungeon.
You visited 1 branch of the dungeon, and saw 3 of its levels.

You collected 96 gold pieces.

Inventory:

Hand Weapons
 a - a +0 war axe (weapon)
 b - a +0 hunting sling
Missiles
 m - 116 stones (quivered)
Armour
 c - a +0 buckler (worn)
 i - a +0 scale mail
 k - a +3 ring mail (worn)
 o - a +0 chain mail
Scrolls
 e - 3 scrolls of blinking {unknown}
 g - a scroll of teleportation {unknown}
 j - 2 scrolls of identify {unknown}
 l - a scroll of vulnerability {unknown}
 n - a scroll of silence {unknown}
 q - a scroll of magic mapping {unknown}
Potions
 d - a potion of might
 f - a potion of brilliance {unknown}
 h - a potion of attraction {unknown}
 p - a potion of haste {unknown}


   Skills:
 + Level 4.8 Fighting
 + Level 4.2 Axes
 + Level 1.9 Slings
 + Level 4.5 Armour
 + Level 0.1 Stealth
 + Level 4.0 Shields


You had 4 spell levels left.
You didn't know any spells.
Your spell library was empty.

Dungeon Overview and Level Annotations

Branches:
Dungeon (3/15)

Altars:


Innate Abilities, Weirdness & Mutations

You have a pair of horns on your head.
You reflexively headbutt those who attack you in melee.


Message History

The centaur shoots an arrow.
The arrow hits you!
Fire: 120 stones
Press: ? - help, Q - select action Shift-Dir - straight line, f - centaur
Aim: a centaur, wielding a +0 shortbow and quivering arrows (69% to hit)
You shoot a stone.
The stone hits the centaur but does no damage.
Fire: 119 stones
Press: ? - help, Q - select action Shift-Dir - straight line, f/p - centaur
Aim: a centaur, wielding a +0 shortbow and quivering arrows (69% to hit)
You shoot a stone. The stone barely misses the centaur.
The centaur shoots an arrow.
The arrow hits you.
Fire: 118 stones
Press: ? - help, Q - select action Shift-Dir - straight line, f/p - centaur
Aim: a centaur, wielding a +0 shortbow and quivering arrows (69% to hit)
You shoot a stone. The stone hits the centaur!
The centaur is moderately wounded.
The centaur shoots an arrow.
The arrow barely misses you.
The centaur shoots an arrow.
The arrow hits you!
* * * LOW HITPOINT WARNING * * *
Fire: 117 stones
Press: ? - help, Q - select action Shift-Dir - straight line, f/p - centaur
Aim: a centaur, wielding a +0 shortbow and quivering arrows (moderately wounded, 69% to hit)
You shoot a stone. The stone barely misses the centaur.
The centaur shoots an arrow.
The arrow hits you.
* * * LOW HITPOINT WARNING * * *
The centaur shoots an arrow.
You block the arrow.
The centaur shoots an arrow.
You block the arrow.
The centaur shoots an arrow.
The arrow hits you!
* * * LOW HITPOINT WARNING * * *
a - a +0 war axe (weapon)
The centaur unwields a +0 shortbow.
The centaur hits you but does no damage.
The centaur kicks you but does no damage.
You hit the centaur but do no damage. You headbutt the centaur!
The centaur is severely wounded.
The centaur barely misses you. The centaur closely misses you.
The centaur hits you.
* * * LOW HITPOINT WARNING * * *
The centaur kicks you.
You die...

....#.#.........#.####
..)<.................
..)....##.........#######
.).....##.#.#............
..........#.#.#.#..#####
......รท.........#..#
##............###..#
#.......##.#...#..#
####....###.#...@c.# #
#....# #.#.###### #
##....###.#.#
###.........#.#
##.....######.. #
##.........#### .#
...........##.#####.###
.#.##.>................
.#.##..................


You could see a centaur.

Vanquished Creatures
  An orc priest (D:3)
  An orc wizard (D:3)
  7 adders
  A worm (D:2)
  A dart slug (D:2)
  3 orcs (D:3)
  5 endoplasms
  2 giant cockroaches
  A goblin (D:3)
  4 hobgoblins
  3 jackals (D:1)
  4 quokkas
  7 ball pythons
  A frilled lizard (D:3)
  5 kobolds
  5 rats
51 creatures vanquished.

Vanquished Creatures (others)
  7 toadstools (D:1)
7 creatures vanquished.

Grand Total: 58 creatures vanquished

Notes
Turn   | Place    | Note
-------+----------+-------------------------------------------
     0 | D:1      | boopmooplesden the Minotaur Fighter began the quest for the
                  | Orb.
     0 | D:1      | Reached XP level 1. HP: 19/19 MP: 0/0
   327 | D:1      | Reached XP level 2. HP: 24/27 MP: 1/1
   473 | D:1      | Found a faded altar of an unknown god.
  1182 | D:2      | Reached XP level 3. HP: 34/34 MP: 2/2
  2070 | D:3      | Reached XP level 4. HP: 41/41 MP: 3/3
  2212 | D:3      | Reached skill level 1 in Slings
  2214 | D:3      | Reached XP level 5. HP: 16/47 MP: 4/4
  2524 | D:3      | Noticed a centaur
  2540 | D:3      | HP: 1/47 [centaur (4)]
  2540 | D:3      | Slain by a centaur

Illustrated notes

Levels and vault maps discovered:
D:1:      nagdon_arrival_double_spiral, layout_basic,
          ebering_ecumenical_altar_webs
D:2:      layout_basic
D:3:      layout_basic, nicolae_uskayaw_murder_on_the_dancefloor,
          mainiacjoe_overflow_surrounded_room, nicolae_wu_jian_wuxing_cycle

Skill      XL: |  1  2  3  4 |
---------------+-------------+-----
Fighting       | 4 |  4.8
Armour         | 4 |  4.5
Shields        | 4 |  4.0
Axes           | 3 4 |  4.2
Slings         | 1 |  1.9
Stealth        | |  0.1

Action                   |  1- 3 |  4- 6 || total
-------------------------+-------+-------++-------
Melee: War axe           |    57 |    17 ||    74
       Headbutt          |     8 |     3 ||    11
 Fire: Hunting sling     |    30 |    22 ||    52
Throw: Stone             |     1 |       ||     1
Armor: Scale mail        |     7 |       ||     7
       Ring mail         |    18 |    11 ||    29
Dodge: Dodged            |    34 |    15 ||    49
Block: Buckler           |    10 |     3 ||    13
